 Dungeon Crawl Stone Soup version 0.31-a0-1278-g11c5b68f87 (webtiles) character file.

Game seed: 915238922520253181

259873 gohu the Executioner (level 19, -2/185 HPs)
             Began as a Hill Orc Fighter on Dec 17, 2023.
             Was a High Priest of Okawaru.
             Slain by a saltling (8 damage)
             ... in the Desolation of Salt.
             The game lasted 01:25:40 (35103 turns).

gohu the Executioner (Hill Orc Fighter)            Turns: 35103, Time: 01:25:40

Health: -2/185     AC: 26    Str: 33    XL:     19   Next: 91%
Magic:  29/29      EV: 12    Int:  7    God:    Okawaru [*****.]
Gold:   1090       SH: 33    Dex: 10    Spells: 18/18 levels left

rFire   + . .        E - +2 broad axe (venom)
rCold   + + .        k - +10 tower shield of Ignorance {rN+ Int-4}
rNeg    + . .        R - +3 plate armour {rC+}
rPois   +            D - +3 hat of Pebletuf {rElec rPois rC+ Int+3}
rElec   +            Q - +2 cloak {Stlth+}
rCorr   .            A - +0 pair of gloves
SInv    .            I - +2 pair of boots {Fly}
Will    .....        s - amulet of reflection Stlth
                     j - +6 ring of strength
HPRegen 0.50/turn    z - ring of Serendipity {rF+ EV+5}
MPRegen 0.21/turn

%: reflection
@: weak-willed, finesse-ful, flying, hasted, very quick
A: deformed body
}: 2/15 runes: barnacled, gossamer
a: Renounce Religion, Heroism, Finesse, Duel


You were in the Desolation of Salt.
You worshipped Okawaru.
Okawaru was extremely pleased with you.
You visited 7 branches of the dungeon, and saw 33 of its levels.
You also visited: Bailey, Ice Cave, Volcano and Desolation.

You collected 2894 gold pieces.
You spent 1804 gold pieces at shops.

Inventory:

Hand Weapons
 x - a +1 broad axe of flaming
 E - a +2 broad axe of venom (weapon)
 F - a +3 broad axe
Missiles
 T - 24 javelins (quivered)
 V - 3 throwing nets
 Z - 13 silver javelins
Armour
 k - the +10 tower shield of Ignorance (worn) {rN+ Int-4}
   (You found it on level 2 of the Dungeon)

   Int-4:     It affects your intelligence (-4).
   rN+:       It protects you from negative energy.
 A - a +0 pair of gloves (worn)
 D - the +3 hat of Pebletuf (worn) {rElec rPois rC+ Int+3}
   (You acquired it on level 4 of the Shoals)

   Int+3:     It affects your intelligence (+3).
   rC+:       It protects you from cold.
   rElec:     It insulates you from electricity.
   rPois:     It protects you from poison
 H - a +2 helmet of intelligence
 I - a +2 pair of boots of flying (worn)
 K - a scarf of resistance
 Q - a +2 cloak of stealth (worn)
 R - a +3 plate armour of cold resistance (worn)
Jewellery
 j - a +6 ring of strength (left hand)
 s - an amulet of reflection (around neck)
 v - a +4 ring of protection
 w - a +6 ring of strength
 z - the ring of Serendipity (right hand) {rF+ EV+5}
   (You acquired it on level 2 of the Orcish Mines)

   [ring of evasion]

   EV+5:      It affects your evasion (+5).
   rF+:       It protects you from fire.
 G - a ring of resist corrosion
 N - a ring of protection from fire
 P - a ring of willpower
 S - an amulet of guardian spirit
Wands
 a - a wand of light (9)
 b - a wand of digging (9)
 t - a wand of iceblast (5)
 u - a wand of paralysis (16)
 C - a wand of mindburst (39)
Scrolls
 c - 6 scrolls of identify
 m - 3 scrolls of fog
 n - 5 scrolls of enchant armour
 q - a scroll of poison
 y - 4 scrolls of blinking
 B - a scroll of enchant weapon
 L - 10 scrolls of teleportation
 U - 2 scrolls of silence
Potions
 d - 4 potions of might
 e - 5 potions of magic
 f - 4 potions of invisibility
 g - 6 potions of enlightenment
 h - 7 potions of berserk rage
 i - 10 potions of curing
 l - 3 potions of ambrosia
 o - 7 potions of lignification
 p - a potion of degeneration
 r - a potion of mutation
 J - 2 potions of resistance
 M - a potion of heal wounds
 O - 4 potions of cancellation
 W - 2 potions of haste


   Skills:
 - Level 20.2 Fighting
 - Level 1.4 Long Blades
 - Level 23.4 Axes
 - Level 0.5 Throwing
 - Level 14.6 Armour
 - Level 16.2 Shields
 - Level 13.4 Invocations
 * Level 16.1 Evocations


You had 18 spell levels left.
You didn't know any spells.
Your spell library contained the following spells:

 Spells                   Type           Power      Damage    Failure   Level
 Apportation              Tloc           0%         N/A       99%         1
 Magic Dart               Conj           0%         1d3       99%         1
 Necrotise                Necr           0%         1d4       99%         1
 Sandblast                Erth           0%         2d4       99%         1
 Shock                    Conj/Air       0%         1d3       99%         1
 Slow                     Hex            0%         N/A       99%         1
 Blink                    Tloc           0%         N/A       99%         2
 Ensorcelled Hibernation  Hex/Ice        0%         N/A       99%         2
 Lesser Beckoning         Tloc           0%         N/A       99%         2
 Momentum Strike          Conj/Tloc      0%         3d8       99%         2
 Passwall                 Tmut/Erth      0%         N/A       99%         2
 Searing Ray              Conj           0%         2d4       99%         2
 Sublimation of Blood     Necr           0%         N/A       99%         2
 Confusing Touch          Hex            0%         N/A       100%        3
 Mephitic Cloud           Conj/Pois/Air  0%         N/A       100%        3
 Ozocubu's Armour         Ice            0%         N/A       100%        3
 Sigil of Binding         Hex            0%         N/A       100%        3
 Stone Arrow              Conj/Erth      0%         3d7       100%        3
 Swiftness                Air            0%         N/A       100%        3
 Vampiric Draining        Necr           0%         2d6       100%        3
 Volatile Blastmotes      Fire/Tloc      0%         2d10      100%        3
 Airstrike                Air            0%         2d(0-16)  100%        4
 Brom's Barrelling Bould  Conj/Erth      0%         2d3       100%        4
 Dimensional Bullseye     Hex/Tloc       0%         N/A       100%        4
 Fulminant Prism          Conj/Hex       0%         3d5       100%        4
 Iskenderun's Mystic Bla  Conj/Tloc      0%         2d3       100%        4
 Manifold Assault         Tloc           0%         N/A       100%        4
 Petrify                  Tmut/Erth      0%         N/A       100%        4
 Irradiate                Conj/Tmut      0%         3d11      100%        5
 Iskenderun's Battlesphe  Conj           0%         2d6       100%        5
 Metabolic Englaciation   Hex/Ice        0%         N/A       100%        5
 Bombard                  Conj/Erth      0%         9d1       100%        6
 Dispersal                Tloc           0%         N/A       100%        6
 Disjunction              Tloc           0%         N/A       100%        8
 Lehudib's Crystal Spear  Conj/Erth      0%         10d2      100%        8
 Summon Small Mammal      Summ           Unusable   N/A       N/A         1
 Call Imp                 Summ           Unusable   N/A       N/A         2
 Call Canine Familiar     Summ           Unusable   N/A       N/A         3
 Animate Armour           Summ/Erth      Unusable   N/A       N/A         4
 Simulacrum               Ice/Necr       Unusable   N/A       N/A         6
 Spellforged Servitor     Conj/Summ      Unusable   N/A       N/A         7

Dungeon Overview and Level Annotations

Branches:
Dungeon (15/15)            Temple (1/1) D:6            Lair (5/5) D:10
 Shoals (4/4) Lair:2       Spider (4/4) Lair:3        Slime (0/5) Lair:5
    Orc (2/2) D:10            Elf (0/3) Orc:2        Vaults (2/5) D:13
 Depths (0/4) D:15         Bailey (visited)           IceCv (visited)
Volcano (visited)         Desolation (1/1)
  Crypt: Vaults:2-3

Altars:
Ashenzari
Cheibriados
Dithmenos
Elyvilon
Fedhas
Gozag
Hepliaklqana
Kikubaaqudgha
Makhleb
Nemelex Xobeh
Okawaru
Qazlal
Ru
Sif Muna
Trog
Uskayaw
Vehumet
Wu Jian
Xom
Yredelemnul
Zin
The Shining One
Beogh
Jiyva
Lugonu

Shops:
D:8 :   Orc:2 *(*=   Shoals:1 [

Portals:
Abyss: Lair:5
Pandemonium: Orc:2

Annotations:
D:7 3 runed translucent doors, JaaP's ghost, novice DjFE
D:9 3 runed translucent doors, ILmort's ghost, journeyman HuFi
Lair:2 2 transporters, Curunk's ghost, journeyman HOBe
Spider:1 1 runed translucent door, Rudeojiy's ghost, adept MiFi


Innate Abilities, Weirdness & Mutations

Armour fits poorly on your strangely shaped body.


Message History

The servant of whispers shouts!
The servant of whispers calls down the wrath of its god upon you.
The bolt of lightning hits you but does no damage.
You resist.
You hear a shout!
You hear a roar!
You hear a shout! x2; You hear a roar!
A peacekeeper comes into view.
A servant of whispers comes into view. It is wielding a +0 quarterstaff.
As you read the scroll of fog, it dissolves into smoke.
The servant of whispers shouts!
The saltling attacks as it pursues you! You block the saltling's attack.
The air fills with toxic fumes!
As you read the scroll of poison, it crumbles to dust.
A saltling comes into view.
The saltling attacks as it pursues you! You block the saltling's attack.
You are too injured to fight recklessly!
You are too injured to fight recklessly!
You are too injured to fight recklessly!
You slash the saltling!
The saltling is heavily damaged.
You hit the saltling.
The saltling is lightly damaged.
You slash the saltling!
You destroy the saltling!
Okawaru accepts your kill.
You hit the saltling. You hit the saltling but do no damage.
You slash the saltling! x2
You block the saltling's attack.
You slash the saltling!
You destroy the saltling!
Okawaru accepts your kill.
You hit the saltling. You barely miss the saltling.
You block the saltling's attack.
You hit the saltling but do no damage. You hit the saltling.
You hit the saltling but do no damage. The saltling misses you.
You slice the saltling!!
The saltling is severely damaged.
You barely miss the saltling. x2; The saltling hits you!!
* * * LOW HITPOINT WARNING * * *
The saltling hits you!
You die...

......................
.....................
.........9...#......
§§..§.............#.
..§§§§§§............
.§§§§§§.§...#.......
§§§§§§§§............
§§§§§999§§...........
§§§9§@9a§§...........
§§§§§§§##§.....#..#..
§§§§§§##..#....#....
#§§§§# ....##9a....
.§§§§§ ...a. ....
.#§§§. .....# .#.
#§§§§ .. #....


You could see a servant of whispers, a peacekeeper and 4 saltlings.

Vanquished Creatures
  Arachne (Spider:4)
  Mlioglotl (Shoals:2)
  Frances (Shoals:1)
  A kraken (Shoals:3)
  Gastronok (Lair:1)
  Aizul (Shoals:1)
  Ilsuiw (Shoals:4)
  An azure jelly (IceCv)
  An imperial myrmidon (Desolation)
  8 emperor scorpions
  7 ghost moths
  2 ironbound preservers
  4 broodmothers
  3 quicksilver oozes (IceCv)
  An ironbound thunderhulk (Vaults:2)
  3 spark wasps
  2 fire dragons (D:15)
  8 merfolk impalers
  5 merfolk javelineers
  Snorg (Lair:4)
  5 entropy weavers
  An entropy weaver (shapeshifter) (D:12)
  3 hydras
  An ice dragon (D:15)
  2 radroaches (Spider:3)
  A rakshasa (D:15)
  5 servants of whispers (Desolation)
  An ironbound frostheart (Vaults:2)
  Harold (Lair:1)
  2 jorogumos
  2 merfolk avatars
  5 centaur warriors
  Erica (D:8)
  2 demonspawn (Orc:2)
  An ogre mage (Volcano)
  7 boulder beetles
  7 dancing weapons (Spider:2)
  3 merfolk aquamancers (Shoals:4)
  2 alligator snapping turtles
  8 two-headed ogres
  A death knight (D:14)
  A tengu warrior (D:12)
  6 orc high priests (Orc:2)
  An occultist (D:15)
  2 thrashing horrors (Lair:5)
  3 demonic crawlers
  A satyr (Shoals:4)
  2 hell knights
  Nergalle (Lair:1)
  A sun demon (Orc:2)
  5 skysharks
  A fire crab (shapeshifter) (Lair:5)
  9 pharaoh ants
  A sixfirhy (Orc:2)
  2 large abominations (Lair:5)
  5 skeletal warriors (D:14)
  10 sea snakes
  5 deep trolls
  3 sun moths
  14 orb spiders
  A phantasmal warrior (D:14)
  15 steelbarb worms
  A kraken simulacrum (Shoals:4)
  Pikel (D:5)
  3 ironbound convokers
  6 orc knights
  32 wolf spiders
  29 harpies
  A deep elf pyromancer (D:13)
  6 orc sorcerers (Orc:2)
  9 cyclopes
  13 manticores
  9 fauns
  Maurice (D:8)
  A moth of wrath (shapeshifter) (Lair:5)
  7 moths of wrath
  5 black mambas
  21 ugly things
  9 elephants
  An ice statue (IceCv)
  11 merfolk sirens
  6 torpor snails
  2 guardian serpents (Desolation)
  2 vault sentinels (Vaults:1)
  4 water nymphs
  4 kobold blastminers
  A gargoyle (D:12)
  An orange demon (Orc:2)
  10 cane toads
  2 smoke demons (Lair:5)
  5 rime drakes
  2 freezing wraiths (D:14)
  A kobold demonologist (D:9)
  2 unseen horrors
  11 komodo dragons
  6 yaktaurs
  3 meliai (D:13)
  6 trolls
  30 merfolk
  A tarantella (shapeshifter) (D:12)
  2 meliai (shapeshifter)
  A troll (shapeshifter) (D:15)
  9 wind drakes
  A queen bee (D:13)
  30 tarantellas
  3 polar bears
  20 blink frogs
  15 saltlings (Desolation)
  A raiju (Lair:5)
  5 snapping turtles
  2 dream sheep (Shoals:4)
  2 spriggans (Lair:5)
  32 slime creatures
  28 jumping spiders
  A shadow (D:13)
  25 culicivoras
  A ynoxinul (Lair:5)
  A culicivora (shapeshifter) (D:13)
  A wraith (D:12)
  22 yaks
  5 water elementals
  5 wyverns
  16 humans (D:13)
  Grum (D:10)
  2 wargs (Orc:1)
  A neqoxec (Orc:2)
  A hog (shapeshifter) (D:13)
  7 basilisks
  5 steam dragons
  53 redbacks
  9 vampire mosquitoes
  A chaos spawn (Lair:5)
  An acid dragon (D:13)
  12 water moccasins
  8 great orb of eyes simulacra (IceCv)
  An ice beast (D:7)
  23 orc warriors
  3 black bears
  A wolf (shapeshifter) (D:15)
  4 ogres
  11 small abominations (Lair:5)
  11 wolves
  10 centaurs
  3 slime creature simulacra (IceCv)
  A phantom (D:7)
  2 kobold brigands
  12 bullfrogs
  A glowing shapeshifter simulacrum (IceCv)
  7 scorpions
  3 cane toad simulacra (D:13)
  2 two-headed ogre simulacra (D:13)
  5 wights (D:10)
  22 killer bees (D:13)
  2 electric eels
  5 hounds
  2 jellies
  18 orc priests
  10 iguanas
  15 orc wizards
  A polar bear simulacrum (D:13)
  4 shapeshifter simulacra (IceCv)
  A troll simulacrum (D:13)
  Robin (D:3)
  3 gnolls (Bailey)
  A naga simulacrum (D:13)
  8 adders
  A shadow imp (D:7)
  A white imp (D:8)
  2 ufetubi (D:6)
  6 worms
  A dart slug (D:1)
  59 orcs
  7 ball pythons
  6 bats
  14 endoplasms
  8 giant cockroaches
  11 hobgoblins
  3 quokkas
  A frilled lizard (D:3)
  19 goblins
  26 kobolds
  6 rats
  2 tentacles (Shoals:3)
1163 creatures vanquished.

Vanquished Creatures (others)
  A deep elf pyromancer (D:13)
  A steelbarb worm (Spider:4)
  A manticore (Shoals:4)
  A steam dragon (Shoals:3)
  5 tentacles
9 creatures vanquished.

Grand Total: 1172 creatures vanquished

Notes
Turn   | Place    | Note
-------+----------+-------------------------------------------
     0 | D:1      | gohu the Hill Orc Fighter began the quest for the Orb.
     0 | D:1      | Reached XP level 1. HP: 19/19 MP: 1/1
   137 | D:1      | Reached XP level 2. HP: 18/27 MP: 2/2
   285 | D:1      | Reached skill level 3 in Axes
   791 | D:2      | Reached XP level 3. HP: 32/33 MP: 3/3
   951 | D:2      | Found the +10 tower shield of Ignorance {rN+ Int-4}
  1223 | D:2      | Reached skill level 4 in Axes
  1223 | D:2      | Reached XP level 4. HP: 33/41 MP: 4/4
  1997 | D:4      | You fall into a shaft and drop 1 floor!
  1997 | D:5      | Entered Level 5 of the Dungeon
  2146 | D:4      | Reached skill level 5 in Axes
  2146 | D:4      | Reached XP level 5. HP: 43/47 MP: 5/5
  2357 | D:3      | Noticed Robin
  2365 | D:3      | Reached XP level 6. HP: 47/55 MP: 6/6
  2390 | D:3      | Killed Robin
  2505 | D:3      | Reached skill level 6 in Axes
  2518 | D:3      | Found a faded altar of an unknown god.
  3220 | D:4      | Found an ancient bone altar of Kikubaaqudgha.
  3353 | D:4      | Found an opulent altar of Gozag.
  3546 | D:5      | Reached skill level 5 in Fighting
  3694 | D:5      | Noticed a black bear
  3710 | D:5      | Killed a black bear
  3711 | D:5      | Reached skill level 7 in Axes
  3711 | D:5      | Reached XP level 7. HP: 43/61 MP: 7/7
  3798 | D:5      | Reached skill level 5 in Shields
  3963 | D:5      | Identified the +5 dagger of Wisdom {freeze, ^Fragile rC+
                  | Str+8}
  4199 | D:5      | Noticed Pikel
  4217 | D:5      | Killed Pikel
  4218 | D:5      | Reached skill level 8 in Axes
  4218 | D:5      | Reached XP level 8. HP: 53/70 MP: 8/8
  4301 | D:5      | Reached skill level 9 in Axes
  4668 | D:6      | Found a bloodstained altar of Trog.
  4753 | D:6      | Found a staircase to the Ecumenical Temple.
  4759 | Temple   | Entered the Ecumenical Temple
  4767 | Temple   | Became a worshipper of Warmaster Okawaru
  5239 | D:7      | Found a runed translucent gate.
  5241 | D:7      | Found a runed translucent gate.
  5242 | D:7      | Noticed JaaP's ghost (novice DjFE)
  5246 | D:7      | Found a runed translucent gate.
  5333 | D:7      | Reached skill level 10 in Axes
  5355 | D:7      | Reached * piety under Okawaru
  5356 | D:7      | Reached skill level 5 in Armour
  5356 | D:7      | Reached XP level 9. HP: 54/78 MP: 9/9
  5525 | D:8      | Found a broken altar of Ashenzari.
  5531 | D:8      | Noticed Erica
  5539 | D:8      | Killed Erica
  5540 | D:8      | Reached skill level 11 in Axes
  5549 | D:8      | Found Qutetoz's Vocational Training.
  5593 | D:8      | Found a flagged portal.
  5609 | Bailey   | Entered a bailey
  5704 | Bailey   | Identified the +7 hand axe of Sloth {protect, Int+4}
  5894 | Bailey   | Reached skill level 12 in Axes
  6416 | D:7      | Found a glowing silver altar of Zin.
  6416 | D:7      | Noticed an angel
  6633 | D:8      | Noticed Maurice
  6643 | D:8      | Something stole a ring of willpower
  6646 | D:8      | Something stole a +0 war axe
  6647 | D:8      | Paralysed by something for 2 turns
  6668 | D:8      | Paralysed by something for 4 turns
  6670 | D:8      | Something stole a +0 buckler
  6682 | D:8      | Paralysed by something for 4 turns
  6689 | D:8      | Paralysed by something for 5 turns
  6715 | D:8      | Paralysed by something for 5 turns
  6723 | D:8      | Killed Maurice
  6723 | D:8      | Reached ** piety under Okawaru
  6724 | D:8      | Reached XP level 10. HP: 88/88 MP: 8/10
  6874 | D:8      | Reached skill level 13 in Axes
  6879 | D:8      | Found a shimmering altar of Xom.
  7055 | D:8      | Found a snail-covered altar of Cheibriados.
  7144 | D:8      | Found a radiant altar of Vehumet.
  7187 | D:8      | Found a shimmering blue altar of Sif Muna.
  7447 | D:9      | Noticed a kobold demonologist
  7449 | D:9      | Noticed a smoke demon
  7461 | D:9      | Killed a kobold demonologist
  7540 | D:9      | Found a runed translucent gate.
  7542 | D:9      | Found a runed translucent gate.
  7576 | D:10     | Entered Level 10 of the Dungeon
  7662 | D:9      | Found a runed translucent gate.
  7664 | D:9      | Noticed ILmort's ghost (journeyman HuFi)
  7665 | D:9      | Identified the +6 chain mail "Daudisom" {Dex+6}
  7710 | D:9      | Identified the +2 short sword of Chagrin {freeze, ^Drain
                  | rC+ Dex+5}
  7908 | D:9      | Found a roughly hewn altar of Beogh.
  7979 | D:10     | Found a staircase to the Lair.
  8111 | D:10     | Found a glowing golden altar of the Shining One.
  8272 | D:10     | Found a staircase to the Orcish Mines.
  8341 | D:10     | Noticed Grum
  8353 | D:10     | Reached skill level 14 in Axes
  8358 | D:10     | Killed Grum
  8415 | D:10     | Found a white marble altar of Elyvilon.
  8469 | D:10     | Found a sparkling altar of Nemelex Xobeh.
  8478 | D:10     | Noticed a cyclops
  8489 | D:10     | Killed a cyclops
  8489 | D:10     | Reached *** piety under Okawaru
  8490 | D:10     | Identified the +6 chain mail of the Arcane {*Slow rF+ rCorr
                  | Stlth+}
  8843 | Lair:1   | Entered Level 1 of the Lair of Beasts
  8873 | Lair:1   | Noticed a cane toad
  8893 | Lair:1   | Killed a cane toad
  9034 | Lair:1   | Reached XP level 11. HP: 84/97 MP: 11/11
  9038 | Lair:1   | Reached skill level 15 in Axes
  9042 | Lair:1   | Reached **** piety under Okawaru
  9192 | Lair:1   | Noticed Gastronok
  9212 | Lair:1   | Killed Gastronok
  9213 | Lair:1   | Reached skill level 10 in Shields
  9213 | Lair:1   | Reached skill level 1 in Invocations
  9464 | Lair:1   | Noticed Harold
  9474 | Lair:1   | Killed Harold
  9545 | Lair:2   | Noticed a death yak
  9596 | Lair:1   | Noticed Nergalle
  9614 | Lair:1   | Killed Nergalle
  9615 | Lair:1   | Reached skill level 10 in Fighting
  9615 | Lair:1   | Reached skill level 16 in Axes
  9965 | Lair:2   | Reached ***** piety under Okawaru
 10000 | Lair:2   | Found a staircase to the Shoals.
 10037 | Lair:2   | Reached skill level 17 in Axes
 10043 | Lair:2   | Reached XP level 12. HP: 104/107 MP: 12/12
 10123 | Lair:2   | Received a gift from Okawaru
 10218 | Lair:2   | Found a transporter.
 10221 | Lair:2   | Noticed Curunk's ghost (journeyman HOBe)
 10222 | Lair:2   | Found a transporter.
 10560 | Lair:2   | Noticed a boulder beetle
 10572 | Lair:2   | Killed a boulder beetle
 10602 | Lair:3   | Reached skill level 18 in Axes
 10628 | Lair:3   | Received a gift from Okawaru
 10653 | Lair:3   | Found a hole to the Spider Nest.
 11230 | Lair:4   | Received a gift from Okawaru
 11238 | Lair:4   | Reached XP level 13. HP: 118/118 MP: 13/13
 11316 | Lair:4   | Noticed Snorg
 11340 | Lair:4   | Killed Snorg
 11555 | Lair:3   | Reached skill level 19 in Axes
 12070 | Lair:3   | Identified the +2 robe of the Ward {Will+ rCorr Int+3}
 12205 | Lair:3   | Reached ****** piety under Okawaru
 12491 | Lair:5   | Entered Level 5 of the Lair of Beasts
 12525 | Lair:4   | Identified the +3 chain mail of Yesterday {SInv}
 12582 | Lair:4   | Reached skill level 1 in Long Blades
 13289 | Lair:5   | Received a gift from Okawaru
 13748 | Lair:5   | Found a viscous altar of Jiyva.
 13749 | Lair:5   | Found a staircase to the Slime Pits.
 14163 | Lair:5   | Received a gift from Okawaru
 14308 | Lair:5   | Reached XP level 14. HP: 104/130 MP: 15/15
 14612 | Lair:5   | Found a corrupted altar of Lugonu.
 14612 | Lair:5   | Found a one-way gate to the infinite horrors of the Abyss.
 15896 | D:12     | Received a gift from Okawaru
 16075 | D:13     | Found a gate to the Vaults.
 16158 | D:13     | Received a gift from Okawaru
 16165 | D:13     | Found a frozen archway.
 16172 | D:13     | Reached skill level 5 in Invocations
 16204 | IceCv    | Entered an ice cave
 16221 | IceCv    | Noticed a quicksilver ooze
 16227 | IceCv    | Killed a quicksilver ooze
 16405 | IceCv    | Noticed a quicksilver ooze
 16417 | IceCv    | Killed a quicksilver ooze
 16616 | IceCv    | Reached skill level 15 in Shields
 16640 | IceCv    | Reached skill level 15 in Fighting
 16729 | IceCv    | Found a viscous altar of Jiyva.
 16729 | IceCv    | Noticed an azure jelly
 16742 | IceCv    | Killed an azure jelly
 16742 | IceCv    | Received a gift from Okawaru
 16750 | IceCv    | Noticed a quicksilver ooze
 16758 | IceCv    | Killed a quicksilver ooze
 16767 | IceCv    | Identified the +5 ring mail of the Game of Life {+Blink}
 16770 | IceCv    | Identified the +1 ice dragon scales of Hedge Wizardry {rF-
                  | rC++ rN+ Int+2}
 17338 | D:12     | Reached XP level 15. HP: 141/141 MP: 19/19
 17830 | D:13     | Reached skill level 10 in Armour
 18635 | Orc:1    | Entered Level 1 of the Orcish Mines
 18727 | Orc:2    | Entered Level 2 of the Orcish Mines
 18811 | Orc:2    | Received a gift from Okawaru
 19045 | Orc:1    | Found a roughly hewn altar of Beogh.
 19077 | Orc:1    | Found a dark tunnel.
 19084 | Volcano  | Entered a volcano
 19115 | Volcano  | Found a radiant altar of Vehumet.
 19664 | Orc:2    | Found a staircase to the Elven Halls.
 19757 | Orc:2    | Found Saicoa Joczo's General Store.
 19760 | Orc:2    | Found Ajel's General Store.
 19857 | Orc:2    | Reached skill level 20 in Axes
 19892 | Orc:2    | Bought a potion of heal wounds for 70 gold pieces
 19892 | Orc:2    | Bought a potion of curing for 42 gold pieces
 19894 | Orc:2    | Bought a scroll of acquirement for 572 gold pieces
 19895 | Orc:2    | Acquired the ring of Serendipity {rF+ EV+5}
 19953 | Orc:2    | Received a gift from Okawaru
 20147 | Orc:2    | Found Fuomoh's Antique Weapon Shoppe.
 20147 | Orc:2    | Found Uhonyv's Jewellery Emporium.
 20148 | Orc:2    | Found a one-way gate leading to the halls of Pandemonium.
 20790 | D:14     | Received a gift from Okawaru
 20814 | D:14     | Reached XP level 16. HP: 133/152 MP: 22/22
 21420 | D:15     | Entered Level 15 of the Dungeon
 21647 | D:15     | Received a gift from Okawaru
 21929 | D:15     | Reached skill level 21 in Axes
 22288 | D:15     | Reached skill level 10 in Invocations
 22369 | D:15     | Found a staircase to the Depths.
 22636 | Spider:1 | Entered Level 1 of the Spider Nest
 22697 | Spider:1 | Identified the +1 ring mail of Defiance {+Blink}
 22861 | Spider:1 | Found a runed translucent door.
 22861 | Spider:1 | Noticed Rudeojiy's ghost (adept MiFi)
 22899 | Spider:1 | Received a gift from Okawaru
 23657 | Spider:1 | Received a gift from Okawaru
 23958 | Spider:2 | Reached XP level 17. HP: 163/163 MP: 25/25
 24058 | Spider:2 | Found a runed translucent door.
 24440 | Spider:2 | Received a gift from Okawaru
 24483 | Spider:2 | Reached skill level 22 in Axes
 25082 | Spider:2 | Received a gift from Okawaru
 25290 | Spider:4 | Entered Level 4 of the Spider Nest
 25795 | Spider:3 | Received a gift from Okawaru
 26883 | Spider:4 | Reached XP level 18. HP: 176/176 MP: 27/27
 26988 | Spider:4 | Noticed Arachne
 27006 | Spider:4 | Killed Arachne
 27566 | Spider:4 | Reached skill level 23 in Axes
 27671 | Spider:4 | Received a gift from Okawaru
 27950 | Spider:4 | Got a gossamer rune of Zot
 28566 | Shoals:1 | Entered Level 1 of the Shoals
 28593 | Shoals:1 | Found Baixo's Armour Boutique.
 28769 | D:8      | Bought a manual of Evocations for 1120 gold pieces
 29008 | Shoals:1 | Reached skill level 1 in Evocations
 29011 | Shoals:1 | Received a gift from Okawaru
 29178 | Shoals:1 | Noticed Frances
 29194 | Shoals:1 | Killed Frances
 29195 | Shoals:1 | Reached skill level 5 in Evocations
 29672 | Shoals:1 | Identified the serpent talisman of Zinupohe {Int+4 Slay+3}
 29672 | Shoals:1 | Noticed Aizul
 29689 | Shoals:1 | Killed Aizul
 30543 | Shoals:2 | Noticed Mlioglotl
 30561 | Shoals:2 | Gained mutation: Armour fits poorly on your strangely
                  | shaped body. [a neqoxec]
 30569 | Shoals:2 | Killed Mlioglotl
 30569 | Shoals:2 | Received a gift from Okawaru
 30570 | Shoals:2 | Reached skill level 10 in Evocations
 30848 | Shoals:2 | Reached XP level 19. HP: 185/185 MP: 29/29
 31631 | Shoals:4 | Entered Level 4 of the Shoals
 32224 | Shoals:4 | Noticed Ilsuiw
 32362 | Shoals:4 | Killed Ilsuiw
 32406 | Shoals:4 | Received a gift from Okawaru
 33305 | Shoals:4 | Identified the +11 dagger of Actus Reus {freeze, Str+3}
 33350 | Shoals:4 | Identified the +11 spear "Liexunuh" {venom, Fly rN+ Will++
                  | Stlth+}
 33391 | Shoals:4 | Identified the +8 falchion "Acoph" {antimagic, rElec rC+
                  | Str+7 Dex-4}
 33513 | Shoals:4 | Acquired the +3 hat of Pebletuf {rElec rPois rC+ Int+3}
 33584 | Shoals:4 | Got a barnacled rune of Zot
 34423 | Vaults:1 | Entered Level 1 of the Vaults
 34480 | Vaults:1 | Received a gift from Okawaru
 34525 | Vaults:1 | Reached skill level 15 in Evocations
 34921 | Vaults:2 | Found a crumbling gateway.
 34961 | Desolati | Entered the Desolation of Salt
 35053 | Desolati | Received a gift from Okawaru
 35068 | Desolati | HP: 8/185 [saltling (7)]
 35080 | Desolati | HP: 6/185 [ragged hierophant/a resonance strike (6)]
 35103 | Desolati | HP: 6/185 [saltling (23)]
 35103 | Desolati | Slain by a saltling

Illustrated notes

Levels and vault maps discovered:
D:1:      eino_arrival_water_star, layout_loops_ring, minivault_19,
          nicolae_figureground_sparkle
D:2:      layout_basic
D:3:      layout_basic, hellmonk_ecumenical_altar_blasted, uniq_robin
D:4:      layout_rooms, kiku_gazebo_pond_becter, lemuel_coloured_pillars_altar
D:5:      layout_cave_pods, minmay_pentangle, uniq_pikel
D:6:      layout_loops_ring, trog_book, minmay_temple_entry_enclosed_plants
D:7:      layout_loops_cross, zin_angel, gammafunk_ghost_split
D:8:      layout_loops_corners, mainiacjoe_overflow_paths, tgw_xom,
          evilmike_ruin_ashenzari, cheibriados_altar_1, vehumet_crystals,
          enter_bailey_6, nicolae_shop_vocational, uniq_erica, uniq_maurice
D:9:      layout_rooms, biasface_ghost_orc_armoury
D:10:     layout_roguey, tso_altar, mainiacjoe_overflow_surrounded_room,
          elyvilon_altar_3, david_lair_shrubbed, orc_0_dummy, uniq_grum
D:11:     layout_basic, kennysheep_generic_room_3
D:12:     layout_basic, drop_trap, minmay_diamond_spiral
D:13:     layout_roguey [special_room_bee], david_vaults_3,
          portal_ice_cave_entry_ice_simulacra
D:14:     nicolae_cairo_tiling_large_dashed, layout_long_grid, minivault_25
D:15:     grunt_enter_depths_hoard, layout_rooms,
          hangedman_decor_clover_reticule, grunt_decor_mini_mirrors
Temple:   chequers_temple_sunken
Lair:1:   layout_regular_city, uniq_gastronok, uniq_harold, uniq_nergalle
Lair:2:   layout_regular_city, elwin_shoals_entry_rooms, gammafunk_ghost_arena
Lair:3:   beast_lair_carwin_large_1, layout_regular_city,
          nicolae_spider_entry_non_spiders
Lair:4:   layout_gridlike, grunt_megastairs_1, uniq_snorg
Lair:5:   hellmonk_lair_end_abyssal_woods, layout_layer_cave, slime_entry_2,
          st_stairs_5, serial_bayou_ford_a, infiniplex_staircase_pool_2
Shoals:1: layout_shoals, serial_shops, shop, uniq_frances, uniq_aizul
Shoals:2: layout_shoals, uniq_mlioglotl
Shoals:3: layout_shoals, nicolae_shoals_drake_roost
Shoals:4: shoals_end_grunt_ice, layout_shoals, shoal_ilsuiw
Spider:1: layout_spider_delve, gammafunk_ghost_grave, nicolae_spider_claw_tunnel
Spider:2: cheibrodos_spider_deadly_dance, nicolae_spider_eight_legs
Spider:3: layout_spider_delve, nicolae_spider_not_touching_you
Spider:4: guppyfry_spider_rune, hangedman_spider_mandibles,
          guppyfry_spider_mini_1, uniq_arachne
Orc:1:    layout_caves, basic_altar, nicolae_volcano_entry_s_turn
Orc:2:    pf_orc_diabolical, layout_caves
Vaults:1: nicolae_vaults_display_case, nicolae_vaults_storage_closets_3,
          hangedman_vaults_corner_blocks, nicolae_vaults_network_s,
          nicolae_vaults_double_plus_1, layout_vaults_omnigrid, uniq_asterion
Vaults:2: portal_desolation_entry_ruin, ontoclasm_vaults_eye,
          nicolae_vaults_network_star, nicolae_vaults_disjoint_gnomons,
          vaults_standard_mumra_x, nicolae_vaults_gold_heap,
          nicolae_vaults_security_offices_6, vaults_room_hallway,
          layout_vaults_chaotic_city, serial_shops, nicolae_shop_stone,
          uniq_margery, uniq_boris, uniq_donald, uniq_frederick
Desolation

Skill      XL: |  1  2  3  4  5  6  7  8  9 10 11 12 13 14 15 16 17 18 19 |
---------------+----------------------------------------------------------+-----
Axes           | 3 4 5 7 8 10 12 14 17 18 19 20 21 22 23 | 23.4
Fighting       | 4 5 6 7 9 10 12 13 15 16 18 19 20 | 20.2
Shields        | 4 6 8 9 10 12 13 15 16 | 16.2
Armour         | 4 5 6 7 8 9 11 12 14 | 14.6
Invocations    | 1 6 8 11 12 13 | 13.4
Long Blades    | 1 |  1.4
Evocations     | 11 16 | 16.1
Throwing       | |  0.5

Action                     |  1- 3 |  4- 6 |  7- 9 | 10-12 | 13-15 | 16-18 | 19-21 || total
---------------------------+-------+-------+-------+-------+-------+-------+-------++-------
  Melee: War axe           |    87 |   224 |    58 |       |       |       |       ||   369
         Broad axe         |       |       |   237 |   452 |  1021 |  1423 |   529 ||  3662
         Scimitar          |       |       |       |       |    11 |       |       ||    11
  Throw: Javelin           |       |       |       |       |       |     4 |       ||     4
 Invoke: Heroism           |       |       |     4 |     6 |     9 |     3 |     3 ||    25
         Finesse           |       |       |       |       |     5 |     4 |     3 ||    12
  Evoke: Wand              |       |       |       |     3 |     8 |     3 |       ||    14
    Use: Potion            |       |       |     1 |       |     1 |       |     8 ||    10
         Scroll            |       |       |    10 |     2 |    14 |     9 |     7 ||    42
   Stab: Confused          |       |       |       |       |     4 |       |       ||     4
         Paralysed         |       |       |       |       |     2 |       |       ||     2
 Armour: Scale mail        |    46 |    67 |       |       |       |       |       ||   113
         Chain mail        |       |    21 |   131 |       |    48 |       |       ||   200
         Plate armour      |       |       |    30 |   129 |   241 |   584 |   297 ||  1281
  Dodge: Dodged            |    28 |    12 |    44 |    34 |    69 |   255 |   127 ||   569
  Block: Buckler           |    11 |       |       |       |       |       |       ||    11
         Tower shield      |    23 |   297 |   364 |   501 |  1085 |  2039 |   732 ||  5041
         Reflection        |       |       |       |       |    45 |    50 |    41 ||   136

Table legend: (Time is in decaauts)
 A = Elapsed time spent in this place.
 B = Non-inter-level travel time spent in this place.
 C = Inter-level travel time spent in this place.
 D = Time resting spent in this place.
 E = Time spent auto-exploring this place.
 F = Levels seen in this place.
 G = Mean time per level.
                   A        B        C        D        E       F      G
               +--------+--------+--------+--------+--------+-----+--------+
         Total |  34664 |  32253 |   2411 |    642 |  23454 |  37 |  936.9 |
       Dungeon |  13916 |  12675 |   1241 |     20 |  10002 |  15 |  927.7 |
        Temple |     17 |     17 |      0 |      0 |      0 |   1 |   17.0 |
          Lair |   6304 |   5622 |    682 |      5 |   4363 |   5 | 1260.8 |
        Shoals |   5182 |   5028 |    154 |    278 |   3511 |   4 | 1295.5 |
   Spider Nest |   5704 |   5485 |    219 |    285 |   3782 |   4 | 1426.0 |
  Orcish Mines |   1645 |   1532 |    113 |      0 |    911 |   2 |  822.5 |
        Vaults |    518 |    518 |      0 |     30 |    338 |   2 |  259.0 |
        Bailey |    394 |    394 |      0 |     24 |    126 |   1 |  394.0 |
      Ice Cave |    640 |    640 |      0 |      0 |    274 |   1 |  640.0 |
       Volcano |    214 |    214 |      0 |      0 |     91 |   1 |  214.0 |
    Desolation |    125 |    125 |      0 |      0 |     55 |   1 |  125.0 |
               +--------+--------+--------+--------+--------+-----+--------+

Top non-repeatable levels by time:
Spider:4: 1687 daAuts
  Lair:5: 1644 daAuts
Shoals:4: 1642 daAuts
Spider:3: 1519 daAuts
  Lair:3: 1486 daAuts
     D:2: 1321 daAuts
Spider:1: 1259 daAuts
Spider:2: 1239 daAuts
  Lair:1: 1213 daAuts
Shoals:3: 1208 daAuts
    D:12: 1200 daAuts
  Lair:2: 1195 daAuts
Shoals:2: 1186 daAuts
Shoals:1: 1144 daAuts
    D:10: 1127 daAuts
